 Dungeon Crawl Stone Soup version 0.29.1-12-g30fa7ad0bf (webtiles) character file.

Game seed: 17113426389445193921

97038 wormed the Severer (level 15, -17/139 HPs)
             Began as a Minotaur Berserker on Dec 24, 2022.
             Was a High Priest of Trog.
             Killed from afar by a fire giant (25 damage)
             ... with a bolt of fire
             ... on level 13 of the Dungeon on Dec 25, 2022.
             The game lasted 00:40:24 (21603 turns).

wormed the Severer (Minotaur Berserker)            Turns: 21603, Time: 00:40:24

Health: -17/139    AC: 34    Str: 29    XL:     15   Next: 70%
Magic:  14/14      EV: 30    Int:  4    God:    Trog [*****.]
Gold:   1732       SH: 12    Dex: 10    Spells: 14/14 levels left

rFire   . . .      SeeInvis .   o - +6 war axe of Kauj {freeze, rElec}
rCold   . . .      Faith    .   Y - +0 kite shield
rNeg    . . .      Spirit   .   E - +15 Maxwell's patent armour {-Cast -Tele rElec Will+ rCorr}
rPois   .          Reflect  .   (helmet restricted)
rElec   +          Harm     .   K - +0 cloak
rCorr   +          Rampage  .   M - +0 pair of gloves
Will    +++..      NoTele   +   (no boots)
Stlth   .......... NoCast   +   X - amulet of the acrobat
HPRegen 0.33/turn               k - +4 ring of evasion
MPRegen 0.14/turn               n - ring of willpower

@: acrobatic, hasted, very quick
A: horns 2, retaliatory headbutt
a: Renounce Religion, Berserk, Trog's Hand, Brothers in Arms


You were on level 13 of the Dungeon.
You worshipped Trog.
Trog was extremely pleased with you.
You visited 2 branches of the dungeon, and saw 18 of its levels.
You also visited: Ice Cave.

You collected 1732 gold pieces.

Inventory:

Hand Weapons
 i - a +2 demon whip of venom
 o - the +6 war axe of Kauj (weapon) {freeze, rElec}
   (You found it on level 2 of the Dungeon)

   It freezes those it strikes, dealing additional cold damage.
   It can also slow down cold-blooded creatures.
   rElec:     It insulates you from electricity.
Missiles
 e - 20 poisoned darts
 y - 4 atropa-tipped darts
 H - 8 curare-tipped darts
 S - 2 throwing nets
 U - 10 javelins (quivered)
Armour
 E - the +15 Maxwell's patent armour (worn) {-Cast -Tele rElec Will+ rCorr}
   (You found it on level 5 of the Dungeon)

   rElec:     It insulates you from electricity.
   -Cast:     It prevents spellcasting.
   -Tele:     It prevents most forms of teleportation.
   rCorr:     It protects you from acid and corrosion.
   Will:      It increases your willpower.
 K - a +0 cloak (worn)
 M - a +0 pair of gloves (worn)
 Y - a +0 kite shield (worn)
Jewellery
 c - a ring of protection from fire
 k - a +4 ring of evasion (left hand)
 n - a ring of willpower (right hand)
 x - a ring of see invisible
 N - a ring of flight
 T - a ring of positive energy
 W - a +4 ring of evasion
 X - an amulet of the acrobat (around neck)
Wands
 f - a wand of iceblast (12)
 g - a wand of paralysis (22)
 G - a wand of digging (6)
 P - a wand of mindburst (17)
Scrolls
 a - 6 scrolls of fear
 d - 12 scrolls of teleportation
 l - 3 scrolls of magic mapping
 m - a scroll of blinking {unknown}
 p - 3 scrolls of enchant armour
 s - 6 scrolls of butterflies
 v - 2 scrolls of enchant weapon
 w - 2 scrolls of poison
 z - 2 scrolls of summoning {unknown}
 O - 2 scrolls of amnesia {unknown}
 V - 4 scrolls of immolation {unknown}
Potions
 b - 4 potions of brilliance
 h - 12 potions of curing
 q - 5 potions of flight
 r - 2 potions of haste
 t - 5 potions of heal wounds
 u - 4 potions of mutation
 A - 4 potions of lignification {unknown}
 B - a potion of might {unknown}
 C - a potion of magic
 D - 5 potions of attraction
 F - 2 potions of degeneration {unknown}
 I - a potion of resistance
 J - a potion of cancellation {unknown}
 Q - 7 potions of ambrosia
 R - 2 potions of berserk rage {unknown}


   Skills:
 + Level 14.3 Fighting
 - Level 18.0 Axes
 - Level 10.0 Throwing
 + Level 13.4 Armour
 + Level 12.7 Dodging
 + Level 13.4 Shields


You had 14 spell levels left.
You didn't know any spells.
Your spell library was empty.

Dungeon Overview and Level Annotations

Branches:
Dungeon (13/15)            Temple (0/1) D:6            Lair (5/5) D:11
 Shoals (0/4) Lair:3       Spider (0/4) Lair:2        Slime (0/5) Lair:5
    Orc (0/2) D:12          IceCv (visited)
 Vaults: D:13-14

Altars:
Elyvilon
Fedhas
Gozag
Hepliaklqana
Nemelex Xobeh
Okawaru
Ru
Trog
Uskayaw
Vehumet
Wu Jian
Yredelemnul
Jiyva


Innate Abilities, Weirdness & Mutations

You have a pair of horns on your head.
You reflexively headbutt those who attack you in melee.


Message History

You slice the fire giant!! You freeze the fire giant!
The fire giant is moderately wounded.
The fire giant casts a spell at you. The bolt of fire hits you!
You hit the fire giant. You freeze the fire giant.
The fire giant is moderately wounded.
You hit the fire giant but do no damage.
The fire giant is moderately wounded.
The fire giant casts a spell at you. The bolt of fire hits you!!!
* * * LOW HITPOINT WARNING * * *
As you read the scroll of fear, it crumbles to dust.
You assume a fearsome visage.
The fire giant resists with some effort.
The fire giant hits you with a +1 great sword of flaming!
* * * LOW HITPOINT WARNING * * *
The fire giant burns you.
* * * LOW HITPOINT WARNING * * *
You feel much better.
The fire giant points at you and mumbles some strange words.
The bolt of fire hits you!!
* * * LOW HITPOINT WARNING * * *
You feel much better.
The fire giant hits you with a +1 great sword of flaming!
* * * LOW HITPOINT WARNING * * *
The fire giant burns you.
* * * LOW HITPOINT WARNING * * *
Okay, then.
You feel yourself speed up. The fire giant casts a spell at you.
The fireball explodes!
The fireball engulfs you!!
* * * LOW HITPOINT WARNING * * *
The fireball engulfs the fire giant.
The fire giant resists.
Things that are here:
4 large rocks; a cyclops corpse
Things that are here:
6 stones; 50 gold pieces; a +0 shortbow The fire giant points at you and mumbles some strange words.
The bolt of fire hits you!!
You die...

#....#. #.^#....#
#....#8. #.8#....#
#....# .# ##..#^...#
#....## .# ##C(##)...#
##....##..####..#.....#
##....##......##C...##
###...###.)###...###
###...#)##.(.###
###..†@..### ########


You could see a fire giant.

Vanquished Creatures
  Jorgrun (D:13)
  An azure jelly (IceCv)
  4 quicksilver oozes (IceCv)
  The ghost of ZoeForever1 the Grappler, a journeyman DrTm of Wu Jian (D:11)
  A fire dragon (Lair:5)
  A great orb of eyes (D:12)
  Josephine (Lair:3)
  Harold (D:11)
  3 boulder beetles (D:12)
  3 hydras
  8 two-headed ogres
  7 centaur warriors
  Erolcha (D:12)
  A death knight (D:12)
  6 death yaks (Lair:5)
  2 tengu warriors
  Urug (D:11)
  Amaemon (Lair:3)
  A fire crab (Lair:5)
  A goliath frog (Lair:5)
  A shining eye (shapeshifter) (D:12)
  5 ugly things
  4 manticores
  2 cyclopes (D:13)
  A moth of wrath (D:11)
  A moth of wrath (shapeshifter) (D:13)
  18 elephants
  3 ice statues (IceCv)
  2 torpor snails
  7 black mambas
  An efreet (D:13)
  An orange demon (Lair:3)
  27 cane toads
  A kobold demonologist (D:11)
  11 rime drakes
  4 tengu conjurers (D:13)
  13 komodo dragons
  A freezing wraith (D:12)
  4 meliai
  A queen bee (Lair:4)
  Grinder (D:4)
  2 polar bears
  3 tyrant leeches (Lair:5)
  5 trolls
  27 slime creatures
  46 blink frogs
  28 yaks
  A vampire (D:13)
  2 shadows
  8 wraiths
  2 wyverns
  5 basilisks
  Grum (D:11)
  7 steam dragons
  10 vampire mosquitoes
  25 water moccasins
  An ice beast (D:7)
  4 black bears
  A swamp drake (D:11)
  2 great orb of eyes simulacra (IceCv)
  5 orc warriors
  3 ogres
  10 centaurs
  23 wolves
  2 phantoms
  2 kobold brigands
  4 slime creature simulacra (IceCv)
  18 bullfrogs
  A gnoll sergeant (D:10)
  4 scorpions
  A necrophage (D:8)
  4 glowing shapeshifter simulacra (IceCv)
  10 wights (D:8)
  32 killer bees
  A howler monkey (D:11)
  An electric eel (Lair:5)
  A gnoll bouda (D:6)
  4 hounds
  3 jellies
  3 orc priests
  Ijyb (D:4)
  Jessica (D:2)
  Terence (D:2)
  Natasha (twice) (D:2)
  4 iguanas
  16 orc wizards
  3 shapeshifter simulacra (IceCv)
  Robin (D:3)
  13 gnolls
  12 adders
  2 shadow imps
  An ufetubus (D:5)
  A worm (D:4)
  4 dart slugs
  42 orcs
  8 bats
  6 endoplasms
  4 giant cockroaches
  14 goblins
  12 hobgoblins
  4 quokkas
  7 ball pythons
  3 frilled lizards
  17 kobolds
  5 rats
651 creatures vanquished.

Vanquished Creatures (others)
  A bush (Lair:5)
  35 fungi
  84 plants
120 creatures vanquished.

Grand Total: 771 creatures vanquished

Notes
Turn   | Place    | Note
-------+----------+-------------------------------------------
     0 | D:1      | wormed the Minotaur Berserker began the quest for the Orb.
     0 | D:1      | Reached XP level 1. HP: 19/19 MP: 0/0
     3 | D:1      | Noticed an electric eel
     5 | D:1      | Noticed an electric eel
   141 | D:1      | Reached XP level 2. HP: 27/27 MP: 1/1
   361 | D:1      | Reached skill level 4 in Axes
   478 | D:1      | Found a faded altar of an unknown god.
   700 | D:2      | Noticed Terence
   715 | D:2      | Killed Terence
   716 | D:2      | Reached skill level 1 in Shields
   716 | D:2      | Reached XP level 3. HP: 17/33 MP: 2/2
   888 | D:2      | Identified the +6 war axe of Kauj {freeze, rElec}
   965 | D:2      | Reached ** piety under Trog
  1005 | D:2      | You fall into a shaft and drop 1 floor!
  1058 | D:2      | Reached XP level 4. HP: 39/40 MP: 3/3
  1094 | D:2      | Noticed Natasha
  1096 | D:2      | Killed Natasha
  1237 | D:2      | Noticed Jessica
  1241 | D:2      | Killed Jessica
  1456 | D:2      | Noticed Natasha
  1459 | D:2      | Reached skill level 5 in Axes
  1459 | D:2      | Reached XP level 5. HP: 47/47 MP: 4/4
  1459 | D:2      | Killed Natasha
  1587 | D:3      | Found a bloodstained altar of Trog.
  1846 | D:3      | Noticed Robin
  1863 | D:3      | Killed Robin
  1863 | D:3      | Reached *** piety under Trog
  1876 | D:3      | Reached XP level 6. HP: 54/55 MP: 5/5
  1995 | D:3      | Found a faded altar of an unknown god.
  1995 | D:3      | Found a faded altar of an unknown god.
  1995 | D:3      | Found a faded altar of an unknown god.
  1995 | D:3      | Found a hazy altar of Hepliaklqana.
  1997 | D:3      | Found a faded altar of an unknown god.
  2194 | D:4      | Reached skill level 5 in Fighting
  2237 | D:4      | Reached skill level 6 in Axes
  2490 | D:4      | Noticed Ijyb
  2494 | D:4      | Paralysed by Ijyb for 2 turns
  2499 | D:4      | Killed Ijyb
  2645 | D:4      | Reached XP level 7. HP: 46/61 MP: 4/6
  2753 | D:4      | Noticed Grinder
  2760 | D:4      | Paralysed by Grinder for 4 turns
  3117 | D:4      | Killed Grinder
  3311 | D:4      | Reached skill level 7 in Axes
  3425 | D:5      | Entered Level 5 of the Dungeon
  3720 | D:5      | Reached skill level 5 in Armour
  3795 | D:5      | Reached **** piety under Trog
  3799 | D:5      | Reached XP level 8. HP: 63/70 MP: 7/7
  3837 | D:5      | Found the +15 Maxwell's patent armour {-Cast -Tele rElec
                  | Will+ rCorr}
  3902 | D:5      | Found a white marble altar of Elyvilon.
  4253 | D:6      | Reached skill level 8 in Axes
  4285 | D:6      | Reached skill level 5 in Dodging
  4350 | D:6      | Reached skill level 5 in Shields
  4553 | D:6      | Found a staircase to the Ecumenical Temple.
  4667 | D:6      | Reached skill level 9 in Axes
  5038 | D:7      | Reached XP level 9. HP: 79/79 MP: 8/8
  5185 | D:7      | Found a sacrificial altar of Ru.
  5188 | D:7      | Found an iron altar of Okawaru.
  5284 | D:7      | Found a blossoming altar of Fedhas.
  5289 | D:7      | Found a hide-covered altar of Uskayaw.
  5295 | D:7      | Found a sparkling altar of Nemelex Xobeh.
  5296 | D:7      | Found a basalt altar of Yredelemnul.
  5299 | D:7      | Found an ornate altar of the Wu Jian Council.
  5301 | D:7      | Found an opulent altar of Gozag.
  5629 | D:7      | Reached skill level 10 in Axes
  5951 | D:8      | Reached ***** piety under Trog
  6026 | D:8      | Reached skill level 11 in Axes
  6112 | D:8      | Reached skill level 12 in Axes
  6537 | D:9      | Reached XP level 10. HP: 72/88 MP: 6/9
  6546 | D:9      | Reached skill level 13 in Axes
  7027 | D:9      | Noticed a two-headed ogre
  7028 | D:9      | Noticed a two-headed ogre
  7035 | D:9      | Killed a two-headed ogre
  7036 | D:9      | Reached skill level 14 in Axes
  7040 | D:9      | Killed a two-headed ogre
  7282 | D:10     | Entered Level 10 of the Dungeon
  7297 | D:10     | Received a gift from Trog
  7306 | D:10     | Reached skill level 15 in Axes
  8147 | D:10     | Found a radiant altar of Vehumet.
  8214 | D:11     | Noticed Harold
  8222 | D:11     | Killed Harold
  8223 | D:11     | Reached skill level 16 in Axes
  8226 | D:11     | Reached XP level 11. HP: 94/94 MP: 10/10
  8228 | D:11     | Noticed a soul eater
  8230 | D:11     | Noticed Grum
  8252 | D:11     | Killed Grum
  8594 | D:11     | Noticed a red ugly thing
  8603 | D:11     | Killed a red ugly thing
  8625 | D:11     | Noticed a tengu warrior
  8626 | D:11     | Noticed a two-headed ogre
  8628 | D:11     | Found a transporter.
  8634 | D:11     | Found a bloodstained altar of Trog.
  8652 | D:11     | Found a transporter.
  8657 | D:11     | Noticed ZoeForever1's ghost (journeyman DrTm)
  8689 | D:11     | Reached skill level 17 in Axes
  8752 | D:11     | Noticed a two-headed ogre
  8832 | D:11     | Noticed Urug
  8844 | D:11     | Killed Urug
  9319 | D:11     | Found a staircase to the Lair.
  9357 | D:11     | Reached skill level 18 in Axes
  9513 | D:11     | Noticed a two-headed ogre
  9521 | D:11     | Killed a two-headed ogre
  9522 | D:11     | Reached skill level 1 in Throwing
  9680 | D:11     | Killed a tengu warrior
  9686 | D:11     | Killed a two-headed ogre
  9687 | D:11     | Killed a two-headed ogre
  9687 | D:11     | Killed ZoeForever1's ghost
 10128 | Lair:1   | Entered Level 1 of the Lair of Beasts
 10137 | Lair:1   | Reached XP level 12. HP: 95/103 MP: 11/11
 10424 | Lair:1   | Found a frozen archway.
 10448 | IceCv    | Entered an ice cave
 10961 | IceCv    | Noticed a quicksilver ooze
 10965 | IceCv    | Killed a quicksilver ooze
 10996 | IceCv    | Noticed a quicksilver ooze
 11004 | IceCv    | Killed a quicksilver ooze
 11010 | IceCv    | Noticed a quicksilver ooze
 11018 | IceCv    | Killed a quicksilver ooze
 11019 | IceCv    | Reached skill level 10 in Fighting
 11022 | IceCv    | Reached skill level 5 in Throwing
 11403 | IceCv    | Found a viscous altar of Jiyva.
 11403 | IceCv    | Noticed an azure jelly
 11407 | IceCv    | Noticed a quicksilver ooze
 11409 | IceCv    | Killed an azure jelly
 11418 | IceCv    | Killed a quicksilver ooze
 11547 | IceCv    | Identified the +3 falchion of the Wheel {pain, Fly rN+++
                  | Int-2 Dex-2}
 11554 | IceCv    | Got the +4 dagger of Duty {freeze, rC+++ Str-5 Dex+4
                  | Stlth+}
 12923 | Lair:1   | Identified the +1 leather armour "Earthly Heaven" {rElec
                  | Dex+3}
 12973 | Lair:1   | Reached XP level 13. HP: 97/114 MP: 12/12
 13079 | Lair:1   | Found the +8 whip "Snakebite" {venom, curare, rPois}
 14127 | Lair:2   | Received a gift from Trog
 14358 | Lair:2   | Reached skill level 10 in Armour
 14425 | Lair:2   | Found a hole to the Spider Nest.
 14682 | Lair:3   | Reached skill level 10 in Shields
 14686 | Lair:3   | Noticed Josephine
 14693 | Lair:3   | Killed Josephine
 14804 | Lair:3   | Noticed Amaemon
 14816 | Lair:3   | Killed Amaemon
 15007 | Lair:3   | Found a gate leading to a gauntlet.
 15256 | Lair:3   | Found a staircase to the Shoals.
 15273 | Lair:3   | Reached skill level 10 in Dodging
 15556 | Lair:4   | Received a gift from Trog
 15556 | Lair:4   | Reached ****** piety under Trog
 15973 | Lair:4   | Reached XP level 14. HP: 125/126 MP: 13/13
 16954 | Lair:5   | Entered Level 5 of the Lair of Beasts
 16954 | Lair:5   | Found a viscous altar of Jiyva.
 16954 | Lair:5   | Found a staircase to the Slime Pits.
 17209 | Lair:5   | Received a gift from Trog
 18511 | Lair:5   | Reached XP level 15. HP: 136/136 MP: 14/14
 18528 | Lair:5   | Found an iron altar of Okawaru.
 18680 | Lair:5   | Identified the +8 flail "Xofeabag" {venom, Str+3 Dex+5}
 19087 | Lair:5   | Received a gift from Trog
 19546 | D:12     | Noticed Erolcha
 19561 | D:12     | Killed Erolcha
 19862 | D:12     | Found a staircase to the Orcish Mines.
 20978 | D:13     | Received a gift from Trog
 21276 | D:13     | Reached skill level 10 in Throwing
 21339 | D:13     | Noticed Jorgrun
 21360 | D:13     | Killed Jorgrun
 21583 | D:13     | Noticed a fire giant
 21593 | D:13     | HP: 6/139 [fire giant/fireball (31)]
 21603 | D:13     | Killed from afar by a fire giant

Illustrated notes

Levels and vault maps discovered:
D:1:      arrival_aquarium_b, layout_rooms, dilly_ecumenical_altar_fadedgnrine
D:2:      layout_loops_ring, uniq_natasha, uniq_terence, uniq_jessica
D:3:      layout_rooms, nicolae_hepliaklqana_ecumenical_no_more,
          amcnicky_altar_gilded, uniq_robin
D:4:      layout_loops_ring, uniq_ijyb, uniq_grinder
D:5:      layout_loops_ring, mainiacjoe_overflow_tiny_flanked
D:6:      layout_loops_ring, temple_hall, hangedman_decor_slide_cut
D:7:      layout_loops_ring, nicolae_overflow_hallway_of_the_gods
D:8:      layout_rooms
D:9:      layout_loops_ring
D:10:     layout_cave_pods, mainiacjoe_overflow_alcove_2
D:11:     layout_basic, erik_lair_dragon, gammafunk_ghost_wrathful_warriors,
          uniq_harold, uniq_grum, uniq_urug
D:12:     layout_loops_cross, hiddenorc1_lemuel, minmay_evil_grid, uniq_erolcha
D:13:     minmay_angry_zag, layout_long_grid, nzn_random_ring, uniq_jorgrun
Lair:1:   minmay_guarded_unrand_snakebite, layout_layer_cave,
          portal_ice_cave_rime, serial_bayou_pond_a, beast_lair_carwin_3
Lair:2:   layout_cave_shapes, spider_nest_entry_web_field, serial_bayou_shore_b,
          grunt_megastairs_5, infiniplex_staircase_pool_2
Lair:3:   layout_misc_corridors, shoals_dummy_entry, gauntlet_entry_generic,
          uniq_amaemon, uniq_josephine
Lair:4:   nzn_winding_woodlands_three_and_one
          [nzn_winding_woodlands_5x15_sawtooth, nzn_winding_woodlands_5x15_eye,
          nzn_winding_woodlands_5x15_pathside_ponds,
          nzn_winding_woodlands_center_pierced_h], layout_cellular_growth,
          special_room [special_room_bee], lemuel_fruit_fields
Lair:5:   minmay_lair_end_frog_pond, layout_cave_pods, slime_entry_1,
          basic_altar, bobbens_dragon_lair_wall

Skill      XL: |  1  2  3  4  5  6  7  8  9 10 11 12 13 14 15 |
---------------+----------------------------------------------+-----
Axes           | 4 5 6 7 9 12 16 18 | 18.0
Fighting       | 4 5 7 8 10 12 13 14 | 14.3
Armour         | 3 4 5 6 7 9 10 12 13 | 13.4
Shields        | 1 2 3 4 5 6 7 9 10 12 13 | 13.4
Dodging        | 3 4 5 6 8 10 11 12 | 12.7
Throwing       | 2 5 7 9 10 | 10.0

Action                   |  1- 3 |  4- 6 |  7- 9 | 10-12 | 13-15 || total
-------------------------+-------+-------+-------+-------+-------++-------
Melee: Hand axe          |    44 |       |       |       |       ||    44
       Headbutt          |     6 |     8 |    34 |    81 |   208 ||   337
       War axe           |    11 |   100 |   207 |   342 |   954 ||  1614
       Punch             |       |       |     2 |       |       ||     2
       Demon whip        |       |       |       |       |    41 ||    41
       Flail             |       |       |       |       |     4 ||     4
Throw: Dart              |       |       |    10 |       |       ||    10
Invok: Berserk           |       |       |     1 |     4 |     1 ||     6
  Use: Scroll            |       |       |       |    11 |     5 ||    16
       Potion            |       |       |       |       |     3 ||     3
Armor: Leather armour    |     2 |       |       |       |       ||     2
       Scale mail        |    16 |    14 |       |       |       ||    30
       Plate armour      |       |    35 |   114 |   134 |   326 ||   609
Dodge: Dodged            |    32 |    52 |   131 |   210 |   537 ||   962
Block: Kite shield       |       |       |       |    52 |   500 ||   552
